 Dungeon Crawl Stone Soup version 0.31-a0-1327-g8c40ea976f (webtiles) character file.

Game seed: 9737164971386065287

12586 Absurdism the Grappler (level 11, -2/112 HPs)
             Began as an Octopode Shapeshifter on Dec 21, 2023.
             Was an Initiate of Gozag.
             Slain by a polar bear simulacrum (8 damage)
             ... in an ice cave.
             The game lasted 00:23:15 (12255 turns).

Absurdism the Grappler (Octopode Shapeshifter)     Turns: 12255, Time: 00:23:17

Health: -2/112     AC:  4    Str: 23    XL:     11   Next: 95%
Magic:  15/15      EV: 12    Int: 19    God:    Gozag
Gold:   1387       SH: 12    Dex: 18    Spells: 14/16 levels left

rFire   . .          .
                       - Unarmed
rCold   + . .        w - +0 kite shield {AC+3}
rNeg    + . .        (helmet currently unavailable)
rPois   .            (no amulet)
rElec   .            g - +6 ring of strength
rCorr   .            h - +4 ring of slaying
SInv    .            i - +6 ring of dexterity
Will    .....        j - +6 ring of intelligence Stlth
                     r - ring of wizardry
HPRegen 0.38/turn    x - ring of positive energy
MPRegen 0.14/turn    D - ring of protection from cold
                     (no ring)

%: wizardry (x1)
@: berserking (expiring), beast-form, gold aura, very quick
A: beast (slay +4), almost no armour, amphibious, 8 rings, camouflage 1,
gelatinous body 1, (nimble swimmer 1), tentacles
a: Begin Untransformation, Renounce Religion, Potion Petition, Call Merchant,
Bribe Branch


You were in an ice cave.
You worshipped Gozag.
Gozag was most pleased with you.
You were a hulking beast.
You visited 3 branches of the dungeon, and saw 12 of its levels.
You also visited: Bailey and Ice Cave.

You collected 3161 gold pieces.
You spent 264 gold pieces at shops.
You paid 1510 gold pieces to Gozag.

Inventory:

Missiles
 p - 10 poisoned darts (quivered)
 B - 2 atropa-tipped darts
Armour
 w - a +0 kite shield of protection (worn)
Jewellery
 g - a +6 ring of strength (left tentacle)
 h - a +4 ring of slaying (right tentacle)
 i - a +6 ring of dexterity (on tentacle)
 j - a +6 ring of intelligence (on tentacle)
 r - a ring of wizardry (on tentacle)
 x - a ring of positive energy (on tentacle)
 D - a ring of protection from cold (on tentacle)
Talismans
 b - a beast talisman
 c - a flux talisman
Wands
 q - a wand of paralysis (15)
 y - a wand of iceblast (12)
 E - a wand of mindburst (1)
Scrolls
 d - 3 scrolls of revelation
 n - 2 scrolls of immolation
 s - 3 scrolls of enchant weapon
 t - 2 scrolls of brand weapon
 v - a scroll of amnesia
 A - a scroll of silence {unknown}
 F - a scroll of torment {unknown}
Potions
 a - 2 potions of lignification
 e - 4 potions of haste
 f - 6 potions of curing
 k - 2 potions of brilliance
 l - 4 potions of mutation
 m - 2 potions of might
 o - 2 potions of enlightenment
 z - a potion of ambrosia
 C - 3 potions of attraction


   Skills:
 + Level 7.1 Fighting
 - Level 2.0 Dodging
 - Level 10.0 Shields
 - Level 11.0 Unarmed Combat
 - Level 3.2 Spellcasting
 - Level 3.6 Translocations
 - Level 8.0 Shapeshifting


You had 14 spell levels left.
You knew the following spells:

 Your Spells              Type           Power      Damage    Failure   Level
a - Blink                 Tloc           34%        N/A       3%          2

Your spell library contained the following spells:

 Spells                   Type           Power      Damage    Failure   Level
 Lesser Beckoning         Tloc           34%        N/A       3%          2
 Momentum Strike          Conj/Tloc      20%        3d8       8%          2
 Summon Small Mammal      Summ           12%        N/A       11%         1
 Call Imp                 Summ           6%         N/A       16%         2
 Cigotuvi's Dreadful Rot  Necr/Alch/Air  6%         N/A       16%         2
 Scorch                   Fire           6%         2d5       16%         2
 Sublimation of Blood     Necr           3%         N/A       16%         2
 Call Canine Familiar     Summ           3%         N/A       30%         3
 Hailstorm                Conj/Ice       3%         3d5       30%         3
 Sigil of Binding         Hex            3%         N/A       30%         3
 Dimensional Bullseye     Hex/Tloc       5%         N/A       43%         4
 Flame Wave               Conj/Fire      3%         2d5       67%         4
 Ignite Poison            Fire/Alch      3%         N/A       67%         4
 Summon Forest            Summ/Tloc      5%         N/A       77%         5
 Freezing Cloud           Conj/Ice/Air   1%         6-21      94%         5
 Summon Cactus Giant      Summ           1%         N/A       100%        6
 Summon Hydra             Summ           1%         N/A       100%        7


Dungeon Overview and Level Annotations

Branches:
Dungeon (10/15)            Temple (1/1) D:4            Lair (0/5) D:10
    Orc (1/2) D:10         Bailey (visited)           IceCv (1/1)

Altars:
Ashenzari
Cheibriados
Dithmenos
Elyvilon
Fedhas
Gozag
Hepliaklqana
Kikubaaqudgha
Makhleb
Nemelex Xobeh
Okawaru
Qazlal
Ru
Sif Muna
Trog
Uskayaw
Vehumet
Wu Jian
Xom
Yredelemnul
Zin
The Shining One

Shops:
D:1 (   D:3 [   D:7 !   D:8 [

Annotations:
D:9 exclusion: 2 oklob saplings IceCv exclusion: ice statue


Innate Abilities, Weirdness & Mutations

You are a hulking beast.
Your limbs bulge with bestial killing power. (Slay +4)
You cannot wear most types of armour.
You are amphibious.
You can wear up to eight rings at the same time.
Your skin changes colour to match your surroundings (Stealth+).
Your rubbery body absorbs attacks. (AC +1, EV +1)
((You are camouflaged when in or above water. (Stealth+)))
You have tentacles for arms and can constrict up to eight enemies at once.


Message History

You constrict the ice devil.
You block the troll simulacrum's attack.
The troll simulacrum completely misses you.
You block the troll simulacrum's attack.
You block the ice devil's attack. The reaper barely misses you.
You batter the ice devil!!
You kill the ice devil!
The harpy simulacrum claws you! The harpy simulacrum freezes you! You resist.
The harpy simulacrum barely misses you.
Your Fighting skill increases to level 7!
Unknown command.
You batter the troll simulacrum!!
The troll simulacrum vaporises!
You block the harpy simulacrum's attack. x2
The reaper closely misses you.
You batter the harpy simulacrum!!
The harpy simulacrum vaporises!
The wolf simulacrum barely misses you.
Unknown command.
You batter the wolf simulacrum!!
The wolf simulacrum vaporises!
The reaper hits you from afar with a -4 scythe of freezing!!
The reaper drags you backwards!
The three-headed hydra simulacrum barely misses you.
The three-headed hydra simulacrum bites you but does no damage.
You block the three-headed hydra simulacrum's attack.
You barely miss the reaper. You grab the reaper.
You are engulfed in freezing vapours.
You resist.
* * * LOW HITPOINT WARNING * * *
You constrict the reaper, but do no damage.
The polar bear simulacrum bites you!
* * * LOW HITPOINT WARNING * * *
The polar bear simulacrum freezes you! You resist.
* * * LOW HITPOINT WARNING * * *
You block the polar bear simulacrum's attack.
The polar bear simulacrum claws you.
* * * LOW HITPOINT WARNING * * *
The polar bear simulacrum freezes you! You resist.
You die...
Your body crumbles into a pile of gold.

#### ##
=[?#
##.##))#
##.ZZ#![#
#..2h#$|#
#...○..##
#..#.#.#.#
#. #####.#
...## #
##.# .8..
##..##
#...
#.∩..# ...
##..## ..
##.#


You could see a reaper, a three-headed hydra simulacrum and a polar bear
simulacrum.

Vanquished Creatures
  Erolcha (Orc:1)
  4 two-headed ogres
  Pikel (D:4)
  An unseen horror (D:5)
  An ice devil (IceCv)
  A komodo dragon (D:10)
  2 hornets
  Prince Ribbit (D:8)
  2 wyverns
  10 yaks
  A steam dragon (D:8)
  Menkaure (D:4)
  A harpy simulacrum (IceCv)
  3 vampire mosquitoes (D:10)
  An acid dragon (D:7)
  2 water moccasins
  11 orc warriors
  A sky beast (D:7)
  2 centaurs
  3 ogres
  2 wolves (D:10)
  A phantom (D:6)
  Blork the orc (D:6)
  4 bullfrogs
  7 two-headed ogre simulacra (IceCv)
  2 cane toad simulacra (IceCv)
  3 scorpions
  5 wights (D:8)
  4 killer bees (D:7)
  An elephant simulacrum (IceCv)
  An electric eel (Bailey)
  A hound (D:5)
  10 orc priests
  A gnoll bouda (D:9)
  2 jellies
  2 sleepcaps
  3 iguanas (D:7)
  17 orc wizards
  A polar bear simulacrum (IceCv)
  2 troll simulacra (IceCv)
  6 spriggan simulacra (IceCv)
  3 wolf simulacra (IceCv)
  Robin (D:4)
  7 gnolls
  11 adders
  4 naga simulacra (IceCv)
  2 shadow imps
  17 white imps
  4 ufetubi (IceCv)
  2 worms
  2 dart slugs (D:2)
  55 orcs
  14 ball pythons
  6 endoplasms
  3 giant cockroaches
  19 goblins
  11 hobgoblins
  2 jackals (D:9)
  4 quokkas
  3 bats
  6 kobolds
  3 rats
305 creatures vanquished.

Vanquished Creatures (others)
  An orc (D:8)
1 creature vanquished.

Grand Total: 306 creatures vanquished

Notes
Turn   | Place    | Note
-------+----------+-------------------------------------------
     0 | D:1      | Absurdism the Octopode Shapeshifter began the quest for the
                  | Orb.
     0 | D:1      | Reached XP level 1. HP: 13/13 MP: 1/1
    33 | D:1      | Reached XP level 2. HP: 10/18 MP: 2/2
   660 | D:1      | Found Ibluakupn's Antique Weapon Emporium.
   768 | D:2      | Reached skill level 4 in Unarmed Combat
   772 | D:2      | Reached XP level 3. HP: 19/23 MP: 3/3
  1410 | D:3      | Reached XP level 4. HP: 28/28 MP: 4/4
  1491 | D:3      | Reached skill level 5 in Unarmed Combat
  1497 | D:3      | Reached XP level 5. HP: 7/33 MP: 5/5
  1712 | D:3      | Found a faded altar of an unknown god.
  2039 | D:3      | Identified the +1 pair of boots of Leihoom {Dex+6}
  2062 | D:3      | Found Muit's Armour Boutique.
  2388 | D:4      | Reached skill level 6 in Unarmed Combat
  2463 | D:4      | Reached XP level 6. HP: 38/38 MP: 6/6
  2581 | D:4      | Noticed Menkaure
  2649 | D:4      | Killed Menkaure
  2650 | D:4      | Reached skill level 7 in Unarmed Combat
  3038 | D:4      | Noticed Pikel
  3052 | D:4      | Killed Pikel
  3053 | D:4      | Reached skill level 9 in Unarmed Combat
  3053 | D:4      | Reached XP level 7. HP: 14/43 MP: 7/7
  3053 | D:4      | Reached XP level 8. HP: 16/48 MP: 8/8
  3179 | D:4      | Noticed Robin
  3183 | D:4      | Killed Robin
  3234 | D:4      | Found a staircase to the Ecumenical Temple.
  3247 | Temple   | Entered the Ecumenical Temple
  3322 | D:4      | Found an opulent altar of Gozag.
  3443 | D:4      | Became a worshipper of Gozag Ym Sagoz the Greedy
  3527 | D:5      | Entered Level 5 of the Dungeon
  3566 | D:5      | Found the +1 Delatra's gloves {ID++}
  3900 | D:5      | Reached skill level 10 in Unarmed Combat
  4055 | D:5      | HP: 1/48 [something (8)]
  4060 | D:5      | HP: 1/72 [something (4)]
  4061 | D:5      | Killed an unseen horror
  4062 | D:5      | Reached skill level 5 in Shapeshifting
  4852 | D:6      | Reached XP level 9. HP: 28/53 MP: 9/9
  5133 | D:6      | Noticed Blork the orc
  5144 | D:6      | Killed Blork the orc
  5713 | D:7      | Learned a level 2 spell: Blink
  5740 | D:7      | Found a flagged portal.
  5792 | Bailey   | Entered a bailey
  5805 | Bailey   | Reached skill level 1 in Translocations
  5856 | Bailey   | Reached skill level 1 in Spellcasting
  6055 | Bailey   | Acquired 873 gold pieces
  6075 | Bailey   | Found an iron altar of Okawaru.
  6077 | Bailey   | Noticed a kobold demonologist
  6077 | Bailey   | Noticed a kobold demonologist
  6088 | Bailey   | Noticed a soul eater
  6091 | Bailey   | Noticed a soul eater
  6159 | D:7      | Found a bloodstained altar of Trog.
  6190 | D:7      | Bought a potion of curing for 39 gold pieces
  6333 | D:7      | Found a shadowy altar of Dithmenos.
  6333 | D:7      | Found a burning altar of Makhleb.
  6340 | D:7      | Found a stormy altar of Qazlal.
  6342 | D:7      | Found a glowing silver altar of Zin.
  6821 | D:8      | Bought a runed kite shield for 225 gold pieces
  6854 | D:8      | Reached XP level 10. HP: 53/58 MP: 14/14
  7199 | D:8      | Found a hazy altar of Hepliaklqana.
  7396 | D:8      | Noticed Prince Ribbit
  7403 | D:8      | Killed Prince Ribbit
  7738 | D:8      | Reached skill level 11 in Unarmed Combat
  7759 | D:8      | Reached skill level 1 in Shields
  7873 | D:8      | Found a broken altar of Ashenzari.
  7879 | D:8      | Paralysed by a hornet for 2 turns
  8539 | D:9      | Reached skill level 5 in Shields
  8890 | D:9      | Got the Spellbook of Nature
  8980 | D:9      | Noticed a two-headed ogre
  8986 | D:9      | Killed a two-headed ogre
  9014 | D:9      | Noticed a two-headed ogre
  9038 | D:8      | Killed a two-headed ogre
  9039 | D:8      | Reached XP level 11. HP: 49/63 MP: 15/15
  9275 | D:10     | Entered Level 10 of the Dungeon
  9309 | D:10     | Found a staircase to the Lair.
  9503 | D:10     | Noticed a two-headed ogre
  9511 | D:10     | Killed a two-headed ogre
  9858 | D:10     | Noticed a two-headed ogre
 10025 | D:10     | Killed a two-headed ogre
 10026 | D:10     | Reached skill level 10 in Shields
 10694 | D:10     | Found a staircase to the Orcish Mines.
 10884 | Orc:1    | Entered Level 1 of the Orcish Mines
 10889 | Orc:1    | Noticed Erolcha
 11248 | Orc:1    | Killed Erolcha
 11249 | Orc:1    | Reached skill level 5 in Fighting
 11639 | Orc:1    | Found a frozen archway.
 11657 | IceCv    | Entered an ice cave
 11898 | IceCv    | Found the +4 skin of Zhor {*Englaciate rC+++ SInv}
 12245 | IceCv    | Noticed a reaper
 12255 | IceCv    | Slain by a polar bear simulacrum

Illustrated notes

Levels and vault maps discovered:
D:1:      lemuel_arrival_rhombus, layout_loops_ring, serial_shops,
          nicolae_shop_behind_doors
D:2:      wad_crossroads, layout_basic, minmay_misc_feat_nine_boxes,
          bh_walls_and_bars
D:3:      layout_basic, hellmonk_ecumenical_altar_blasted, serial_shops,
          nicolae_shop_trees
D:4:      layout_loops_cross, mainiacjoe_overflow_catwalk,
          minmay_temple_entry_trees, hangedman_minor_gate_pass, uniq_pikel,
          uniq_robin, uniq_menkaure
D:5:      layout_loops_cross
D:6:      layout_basic, uniq_blork_the_orc
D:7:      layout_loops_cross, nicolae_overflow_macrodata_refinement,
          trog_butcher_becter, enter_bailey_7, eino_jars
D:8:      layout_loops_corners, marbit_many_paths, evilmike_ruin_ashenzari,
          nicolae_fountain_basement, uniq_prince_ribbit1
D:9:      layout_roguey, introduction_to_nature_2
D:10:     wander_river, layout_stronghold, erik_lair_orcish_takeover,
          orc_0_dummy
Temple:   dpeg_chambers_temple
Orc:1:    layout_caves, portal_ice_cave_entry_imps, uniq_erolcha
IceCv:    ice_cave_caverns_01

Skill      XL: |  1  2  3  4  5  6  7  8  9 10 11 |
---------------+----------------------------------+-----
Unarmed Combat | 4 5 6 9 10 11 | 11.0
Shapeshifting  | 6 8 |  8.0
Translocations | 3 |  3.6
Spellcasting   | 3 |  3.2
Shields        | 8 10 | 10.0
Fighting       | 7 |  7.1
Dodging        | |  2.0

Action                     |  1- 3 |  4- 6 |  7- 9 | 10-12 || total
---------------------------+-------+-------+-------+-------++-------
  Melee: Unarmed           |    42 |    72 |   139 |   313 ||   566
         Constrict         |    14 |    17 |    31 |    56 ||   118
         Tentacles         |     4 |    13 |    30 |    80 ||   127
         Punch             |       |     2 |    11 |    24 ||    37
 Invoke: Call Merchant     |       |       |     2 |       ||     2
    Use: Scroll            |     4 |     6 |     7 |     2 ||    19
         Potion            |       |       |     2 |     1 ||     3
   Stab: Sleeping          |    13 |     4 |     6 |     6 ||    29
         Distracted        |       |       |     4 |     1 ||     5
 Armour: Skin              |     9 |    34 |    69 |   122 ||   234
  Dodge: Dodged            |    24 |    36 |    52 |    97 ||   209
  Block: Kite shield       |       |       |       |   130 ||   130

Table legend: (Time is in decaauts)
 A = Elapsed time spent in this place.
 B = Non-inter-level travel time spent in this place.
 C = Inter-level travel time spent in this place.
 D = Time resting spent in this place.
 E = Time spent auto-exploring this place.
 F = Levels seen in this place.
 G = Mean time per level.
                   A        B        C        D        E       F      G
               +--------+--------+--------+--------+--------+-----+--------+
         Total |  12207 |  11889 |    318 |   3343 |   5611 |  14 |  871.9 |
       Dungeon |  11127 |  10809 |    318 |   3025 |   5611 |  10 | 1112.7 |
        Temple |     69 |     69 |      0 |      0 |      0 |   1 |   69.0 |
  Orcish Mines |    126 |    126 |      0 |      0 |      0 |   1 |  126.0 |
        Bailey |    295 |    295 |      0 |    115 |      0 |   1 |  295.0 |
      Ice Cave |    588 |    588 |      0 |    203 |      0 |   1 |  588.0 |
               +--------+--------+--------+--------+--------+-----+--------+

Top non-repeatable levels by time:
    D:10: 2125 daAuts
     D:8: 1435 daAuts
     D:7: 1292 daAuts
     D:4: 1124 daAuts
     D:9: 993 daAuts
     D:5: 937 daAuts
     D:3: 929 daAuts
     D:6: 903 daAuts
     D:1: 748 daAuts
     D:2: 638 daAuts
   IceCv: 588 daAuts
  Bailey: 295 daAuts
   Orc:1: 126 daAuts
  Temple: 69 daAuts
